Map: Hielo y cromo EE

Players

DeliriuM - Winner!

  • Race: Zerg Zerg
  • League: Gold
  • Spawn Location: 1:00

MrFercho

  • Race: Zerg Zerg
  • League: Gold
  • Spawn Location: 7:00

VOD

Have the link to the VOD?

Description

Time

  • Played on: Aug. 6, 2020, 10:37 p.m.
  • Length: 16:23
Show
View Real Time Build Order
Export as new Build Order

DeliriuM Zerg - Winner!

Build Orders: Hatch First, Lurkers 

Get SALT Encoding   

  12  0:01  Drone  
  13  0:10  Drone  
  14  0:16  Overlord  
  14  0:24  Extractor, Drone  
  15  0:34  Drone  
  16  0:50  Hatchery  
  15  1:00  Drone x3  
  18  1:15  Spawning Pool  
  18  1:17  Drone  
  18  1:23  Extractor, Drone  
  18  1:32  Drone  
  19  1:44  Drone  
  20  1:54  Drone  
  21  2:02  Queen  
  21  2:03  Queen  
  25  2:11  Overlord  
  25  2:17  Drone  
  25  2:18  Drone x2  
  28  2:30  Zergling x4  
  28  2:37  Overlord  
  30  2:48  Queen  
  32  2:55  Drone  
  32  2:56  Drone x2  
  35  3:07  Drone x3  
  38  3:23  Drone x3  
  38  3:25  Drone x3  
  44  3:28  Overlord x2, Roach Warren  
  43  3:39  Drone  
  44  3:44  Extractor  
  44  3:45  Drone  
  44  3:46  Drone  
  44  3:47  Extractor  
  45  3:48  Drone  
  45  3:58  Drone  
  46  4:04  Drone x3  
  46  4:05  Drone  
  50  4:12  Drone  
  50  4:13  Drone x2  
  50  4:16  Overlord x2  
  53  4:33  Drone x2  
  55  4:57  Hatchery  
  54  5:01  Roach  
  54  5:02  Roach x9  
  74  5:25  Drone x2  
  74  5:28  Overlord x2  
  76  5:36  Evolution Chamber  
  76  5:38  Evolution Chamber  
  74  6:02  Overlord  
  74  6:03  Overlord  
  74  6:07  Roach x9  
  92  6:11  Overlord x2  
  92  6:20  Drone x3  
  94  6:33  Lair  
  94  6:43  Drone  
  94  6:44  Extractor, Drone x2  
  94  6:46  Drone  
  97  6:48  Roach x4  
  97  6:53  Zerg Ground Armor Level 1, Zerg Missile Weapons Level 1  
  97  6:54  Extractor  
  104  6:59  Overlord  
  104  7:00  Overlord x2  
  104  7:01  Roach x5  
  114  7:12  Drone x3  
  117  7:18  Roach x2  
  121  7:29  Drone x2  
  124  7:30  Drone  
  124  7:33  Hydralisk Den  
  123  7:42  Infestation Pit  
  123  7:43  Drone x2  
  124  7:53  Glial Reconstitution  
  124  7:58  Roach x9  
  138  8:02  Overseer x3  
  142  8:21  Roach x6  
  142  8:23  Overlord x3  
  142  8:24  Overlord x4  
  154  8:41  Hydralisk x4  
  154  8:42  Hydralisk  
  154  8:45  Hydralisk  
  152  8:57  Zerg Missile Weapons Level 2  
  152  9:04  Extractor  
  152  9:05  Drone x2  
  152  9:06  Drone  
  152  9:07  Drone x4  
  158  9:47  Hatchery  
  158  9:50  Hydralisk x8  
  158  9:51  Hydralisk x6  
  185  10:01  Grooved Spines  
  185  10:11  Drone  
  185  10:12  Drone x10  
  196  10:20  Zerg Ground Armor Level 2  
  196  10:36  Lurker Den  
  195  10:52  Hydralisk  
  195  10:53  Hydralisk  
  195  10:54  Drone  
  200  11:06  Extractor  
  200  11:09  Extractor  
  198  11:12  Muscular Augments  
  198  11:15  Hive  
  192  11:41  Hydralisk x4  
  182  12:08  Hydralisk x12  
  118  12:32  Hydralisk x8  
  125  12:59  Hydralisk  
  125  13:00  Hydralisk x7  
  144  13:05  Lurker x4  
  144  13:06  Lurker x2  
  147  13:28  Drone x7  
  147  13:29  Drone  
  155  13:40  Hydralisk x8  
  171  13:45  Hatchery  
  171  13:46  Zergling x6  
  173  13:49  Adaptive Talons  
  173  13:56  Metabolic Boost  
  173  14:07  Roach x6  
  173  14:08  Roach x3  
  191  14:30  Lurker x2  
  191  14:31  Lurker x3  
  196  14:42  Roach x2  
  200  14:46  Seismic Spines  
  146  15:43  Hydralisk x8  
  146  15:44  Hydralisk x16  
Show
View Real Time Build Order
Export as new Build Order

MrFercho Zerg 

Build Orders: Hatch First, Lurkers, Roach Hydra 

Get SALT Encoding   

  12  0:01  Drone  
  13  0:15  Overlord  
  13  0:19  Drone  
  14  0:35  Drone x2  
  16  0:50  Hatchery  
  16  0:52  Drone  
  16  0:56  Drone  
  17  0:59  Drone  
  18  1:10  Extractor  
  17  1:16  Spawning Pool  
  16  1:18  Drone  
  16  1:22  Drone  
  18  1:31  Drone  
  19  1:43  Drone  
  20  1:53  Overlord  
  20  2:03  Queen x2  
  20  2:05  Zergling x4  
  26  2:12  Drone  
  27  2:16  Drone  
  28  2:24  Overlord  
  28  2:26  Drone  
  29  2:38  Drone x2  
  31  2:46  Queen  
  31  2:47  Lair  
  31  2:50  Drone x2  
  35  3:13  Drone  
  35  3:14  Drone x3  
  39  3:24  Roach Warren  
  38  3:29  Evolution Chamber  
  38  3:30  Drone x6  
  38  3:31  Evolution Chamber  
  42  3:48  Drone  
  42  3:49  Drone  
  42  3:51  Extractor, Overlord x2  
  42  3:54  Extractor  
  42  3:55  Zerg Missile Weapons Level 1  
  42  4:02  Drone  
  43  4:03  Drone  
  43  4:05  Glial Reconstitution  
  44  4:14  Drone x3  
  47  4:18  Drone x2  
  47  4:23  Queen  
  51  4:34  Roach  
  51  4:35  Roach x3  
  51  4:36  Overlord  
  59  4:49  Overlord x2  
  59  4:54  Queen  
  59  4:57  Roach  
  59  4:58  Roach x2  
  59  4:59  Overlord x3  
  67  5:10  Hydralisk Den  
  67  5:11  Extractor, Drone x2  
  67  5:13  Drone  
  68  5:18  Roach  
  70  5:29  Zerg Ground Armor Level 1  
  70  5:34  Roach  
  70  5:35  Roach x6  
  84  5:40  Grooved Spines  
  84  5:52  Pneumatized Carapace  
  84  6:00  Overseer  
  84  6:33  Zerg Missile Weapons Level 2  
  84  6:38  Hydralisk x3  
  84  6:39  Overlord  
  90  6:40  Overlord x2  
  90  6:52  Muscular Augments  
  90  6:53  Roach x5  
  90  6:54  Drone  
  101  6:55  Overlord x3  
  101  7:11  Hatchery  
  100  7:27  Zerg Ground Armor Level 2  
  100  7:38  Drone x6  
  106  7:56  Hydralisk x2  
  110  8:33  Overlord, Roach x9  
  110  8:34  Overlord  
  88  9:05  Hydralisk x9  
  106  9:22  Roach x5  
  116  9:35  Hydralisk  
  116  9:36  Hydralisk x5  
  127  9:48  Hydralisk  
  127  9:49  Hydralisk x2  
  133  10:02  Lurker Den  
  132  10:12  Zergling x2  
  132  10:13  Zergling x16  
  141  10:33  Drone  
  141  10:34  Drone x5  
  147  10:53  Drone x2  
  147  10:54  Drone x4  
  153  10:57  Extractor  
  153  10:58  Overseer  
  153  10:59  Extractor  
  151  11:05  Infestation Pit  
  151  11:07  Hydralisk x6  
  161  11:40  Lurker x3  
  161  11:41  Lurker x2  
  79  12:16  Hydralisk  
  79  12:17  Hydralisk x12  
  99  12:55  Hydralisk x4  
  99  12:56  Hydralisk x7  
  109  13:25  Extractor  
  109  13:26  Drone  
  109  13:27  Drone x3  
  111  13:29  Hatchery  
  111  13:30  Drone x3  
  111  13:31  Extractor x2  
  112  13:41  Hive  
  112  13:55  Evolution Chamber  
  111  13:56  Evolution Chamber  
  111  14:01  Evolution Chamber  
  109  14:17  Drone x9, Spine Crawler x2  
  108  14:18  Drone x4  
  108  14:20  Spine Crawler  
  108  14:22  Spine Crawler  
  108  14:23  Hydralisk x6  
  130  14:27  Queen x2  
  130  14:30  Overseer  
  130  14:31  Overseer  
  134  14:33  Lurker x5  
  134  14:34  Lurker x3  
  142  14:46  Spire  
  72  15:37  Hydralisk x7  
  72  15:38  Hydralisk x6  
Tags
 
Add a new tag
Caveats
  • Supply blocks, unpowered buildings, or Contaminate may cause inaccurate times.
  • Supply counts are checked every 10 seconds.